 Dungeon Crawl Stone Soup version 0.21-a0-150-gc243083 (webtiles) character file.

216 Duffy the Skirmisher (level 5, -7/32 HPs)
             Began as a Vine Stalker Wanderer on July 26, 2017.
             Killed by divine providence
             ... invoked by an orc priest
              (11 damage)
             ... on level 5 of the Dungeon.
             The game lasted 00:05:23 (3342 turns).

Duffy the Skirmisher (Vine Stalker Wanderer)        Turns: 3342, Time: 00:05:24

Health: -7/32      AC:  4    Str: 15    XL:     5   Next: 93%
Magic:  0/6        EV: 11    Int: 13    God:
Gold:   89         SH:  0    Dex: 13    Spells: 4/4 levels left

rFire    . . .     SeeInvis .   a - +0 hand axe (chop)
rCold    . . .     Gourm    .   (no shield)
rNeg     . . .     Faith    .   l - +0 leather armour
rPois    .         Spirit   +   n - +0 helmet
rElec    .         Reflect  .   (no cloak)
rCorr    .         Harm     .   (no gloves)
MR       .....                  (no boots)
Stlth    +.........             (no amulet)
HPRegen  0.50/turn              (no ring)
MPRegen  0.10/turn              (no ring)

@: no status effects
A: fangs 2, regeneration 1, magic shield, antimagic bite, no potion heal 3, rot
immunity
a: no special abilities


You were on level 5 of the Dungeon.
You were not hungry.

You visited 1 branch of the dungeon, and saw 5 of its levels.

You collected 89 gold pieces.

Inventory:

Hand Weapons
 a - a +0 hand axe of chopping (weapon)
 b - a +2 shortbow
 d - a +0 short sword
Missiles
 i - 37 arrows
Armour
 l - a +0 leather armour (worn)
 n - a +0 helmet (worn)
Scrolls
 c - 3 scrolls of teleportation
 e - a scroll of fear {unknown}
 o - a scroll of magic mapping
Potions
 j - a potion of haste {unknown}
 k - a potion of curing
Comestibles
 f - 4 bread rations
 g - 2 royal jellies
 h - a chunk of flesh
 m - a meat ration


   Skills:
 + Level 5.8 Fighting
 - Level 1.0 Axes
 - Level 1.0 Bows
 - Level 1.0 Throwing
 - Level 2.4 Armour
 - Level 1.2 Stealth


You had 4 spell levels left.
You didn't know any spells.

Dungeon Overview and Level Annotations

Branches:
Dungeon (5/15)
 Temple: D:4-7

Altars:
Dithmenos
Yredelemnul

Annotations:
D:3 Wingboner's ghost, amateur DsTm


Innate Abilities, Weirdness & Mutations

You have extremely sharp teeth.
Your natural rate of healing is unusually fast.
When hurt, damage is shared between your health and your magic reserves.
Your bite disrupts and absorbs the magic of your enemies.
Potions cannot restore your health.
You are immune to rotting.


Message History

You hit the orc priest but do no damage.
You bite the orc priest. You drain its power.
You feel invigorated.
The orc priest is moderately wounded.
You hit the orc wizard.
The orc priest mumbles some strange prayers to Beogh against you.
Pain shoots through your body! The orc wizard hits you with a dagger.
The orc priest hits you.
You barely miss the orc priest.
You bite the orc priest, but do no damage.
The orc priest is moderately wounded.
You hit the orc wizard. The orc wizard barely misses you.
The orc priest mumbles some strange prayers to Beogh against you.
You struggle to resist.
The orc wizard hits you but does no damage.
You hit the orc priest.
The orc priest is severely wounded.
You closely miss the orc wizard.
The orc priest invokes the aid of Beogh against you.
Beogh smites you!
You die...

* *,,,*,,,#.* #........,,,,, *
*,,,***##.##### #...o....,**** *
*,,,* #......# #...o....,+,,, *
*,,,* #......# #........,**** *
*,,,* #......# #........,* *
***** #......# #.#***,******* *
#......###.# *,,,,,,,, *
#.....oo.o.# *********
****#######.....@########********
,,,,.......<......(......,,,,,,,,
****######.......########********
#.......# *,,,,,,,, #.......#
*,******* #.####### *,* #.* *,*
#.* *,* #.* *,*


You could see an orc priest and 2 orc wizards.

Vanquished Creatures
  A hound (D:4)
  An orc wizard (D:4)
  A worker ant (D:4)
  5 gnolls
  An adder (D:2)
  An ooze (D:4)
  An adder skeleton (D:5)
  A worm (D:2)
  3 dart slugs (D:1)
  3 leopard geckos
  6 bats
  2 giant cockroaches
  12 goblins
  7 hobgoblins
  4 frilled lizards
  6 kobolds
  7 rats
62 creatures vanquished.

Vanquished Creatures (others)
  2 orc priests (D:5)
  2 orcs (D:5)
4 creatures vanquished.

Grand Total: 66 creatures vanquished

Notes
Turn   | Place    | Note
-------+----------+-------------------------------------------
     0 | D:1      | Duffy the Vine Stalker Wanderer began the quest for the Orb.
     0 | D:1      | Duffy set off with: a +2 shortbow, 31 arrows, 2 scrolls of teleportation, a +0 robe, a bread ration
     0 | D:1      | Reached XP level 1. HP: 11/11 MP: 2/2
   305 | D:1      | Reached skill level 3 in Fighting
   378 | D:1      | Reached XP level 2. HP: 16/16 MP: 3/3
  1211 | D:1      | Reached XP level 3. HP: 20/21 MP: 4/4
  1755 | D:1      | Reached skill level 4 in Fighting
  1869 | D:2      | Gained mutation: Your natural rate of healing is unusually fast. [Vine Stalker growth]
  1869 | D:2      | Reached XP level 4. HP: 16/25 MP: 3/5
  2069 | D:2      | Found a basalt altar of Yredelemnul.
  2348 | D:2      | Found a shadowy altar of Dithmenos.
  2592 | D:3      | Noticed Wingboner's ghost (amateur DsTm)
  2741 | D:3      | Reached skill level 5 in Fighting
  2777 | D:3      | Reached XP level 5. HP: 8/30 MP: 2/6
  3161 | D:5      | Entered Level 5 of the Dungeon
  3179 | D:5      | Noticed an orc warrior
  3342 | D:5      | Killed from afar by an orc priest

Vault maps used:
D:1:      dpeg_arrival_yet_another_circle
D:2:      old_standard_altar, nicolae_dithmenos_through_a_glass_darkly
D:3:      gammafunk_temple_overflow_statue, lemuel_doored_altar,
          nicolae_gozag_zags_fifth_avenue, uniq_jessica
D:4:      first_bread
D:5:      fiery_altar_vehumet

Skill      XL: |  1  2  3  4 |
---------------+-------------+-----
Fighting       | 3 4 5 |  5.8
Axes           | |  1.0
Bows           | |  1.0
Throwing       | |  1.0
Armour         | |  2.4
Stealth        | |  1.2

Action                   |  1- 3 |  4- 6 || total
-------------------------+-------+-------++-------
Melee: Short sword       |    35 |       ||    35
       Bite              |    10 |    22 ||    32
       Hand axe          |    44 |    72 ||   116
 Fire: Shortbow          |    10 |    75 ||    85
  Use: Scroll            |     1 |     3 ||     4
 Stab: Sleeping          |       |     1 ||     1
  Eat: Chunk             |     3 |     5 ||     8
Armor: Robe              |    16 |       ||    16
       Leather armour    |    17 |    25 ||    42
Dodge: Dodged            |    63 |    44 ||   107
